 Dungeon Crawl Stone Soup version 0.22-a0-467-g5c5de1cb09 (webtiles) character file.

37 D1HalberdGnoll the Conjurer (level 3, 0/28 HPs)
             Began as a Draconian Conjurer on June 10, 2018.
             Killed from afar by an orc wizard (4 damage)
             ... with a magic dart
             ... on level 2 of the Dungeon.
             The game lasted 00:01:40 (1401 turns).

D1HalberdGnoll the Conjurer (Draconian Conjurer)    Turns: 1401, Time: 00:01:40

Health: 0/28       AC:  5    Str: 15    XL:     3   Next: 21%
Magic:  1/6        EV: 12    Int: 16    God:
Gold:   31         SH:  0    Dex: 11    Spells: 3/6 levels left

rFire    . . .     SeeInvis .   a - +0 mace
rCold    . . .     Gourm    .   (no shield)
rNeg     . . .     Faith    .   (armour unavailable)
rPois    .         Spirit   .   (helmet restricted)
rElec    .         Reflect  .   (no cloak)
rCorr    .         Harm     .   (no gloves)
MR       .....                  (no boots)
Stlth    ++........             (no amulet)
HPRegen  0.09/turn              (no ring)
MPRegen  0.10/turn              (no ring)

@: mighty, hasted, very quick
A: unfitting armour, cold-blooded, AC +5
a: no special abilities


You were on level 2 of the Dungeon.
You were not hungry.

You visited 1 branch of the dungeon, and saw 2 of its levels.

You collected 31 gold pieces.

Inventory:

Hand Weapons
 a - a +0 mace (weapon)
Scrolls
 c - a scroll of identify {unknown}
 d - 2 scrolls of enchant armour {unknown}
Potions
 e - a potion of haste
 f - a potion of berserk rage {unknown}
 h - a potion of resistance {unknown}
Comestibles
 b - 2 rations


   Skills:
 + Level 1.1 Fighting
 + Level 2.1 Dodging
 - Level 1.7 Stealth
 + Level 2.3 Spellcasting
 * Level 4.4 Conjurations


You had 3 spell levels left.
You knew the following spells:

 Your Spells              Type           Power        Failure   Level  Hunger
a - Magic Dart            Conj           ###.         3%          1    #......
b - Searing Ray           Conj           ###...       4%          2    ###....

Your spell library contained the following spells:

 Spells                   Type           Power        Failure   Level  Hunger
 Iskenderun's Mystic Bla  Conj           ###.....     32%         4    #####..
 Fulminant Prism          Conj/Hex       #.........   61%         4    #####..
 Dazzling Spray           Conj/Hex       #.....       24%         3    ###....
 Force Lance              Conj/Tloc      #.......     61%         4    #####..


Dungeon Overview and Level Annotations

Branches:
Dungeon (2/15)

Altars:


Innate Abilities, Weirdness & Mutations

Your plain brown scales are hard. (AC +5)
You cannot fit into any form of body armour.
You are cold-blooded and may be slowed by cold attacks.


Message History

The orc wizard closely misses you. The orc hits you with a club.
You sock the orc!
You kill the orc!
The orc wizard hits you but does no damage.
The orc wizard casts a spell at you. The magic dart hits you!
* * * LOW HITPOINT WARNING * * *
The jackal barely misses you.
You barely miss the orc wizard. You tail-slap the orc wizard.
The orc wizard is moderately wounded.
The orc wizard hits you but does no damage.
The jackal bites you.
* * * LOW HITPOINT WARNING * * *
The orc wizard hits you but does no damage.
The jackal closely misses you.
It was a potion of haste.
You feel yourself speed up. The orc wizard barely misses you.
The jackal barely misses you. The orc wizard casts a spell at you.
The magic dart hits you!
You die...

≈≈....oK..'.# #...## ##...
..8....o.h#.# #....# #....
....J..h.(#.# #..>.###.♣.#
...?o..h..#.#####.#####.....
o.....h..##>..#..## +##'##
........###J###.## ##.##
.......##.#h#...# #...#
....(.##..#h#.### #.♣.#
.....##<..#@#.##########..÷#
++####....o.#.........###<##
.........###########.#.###.
########.#........ #....###
#.#.#######.###....#
#.#...#.....#......#
#.###.#.######.##..#
#...#..........##...
###.###.##........##


You could see an orc wizard, an ooze and 2 jackals.

Vanquished Creatures
  An adder (D:2)
  A dart slug (D:1)
  An orc (D:2)
  3 giant cockroaches
  3 goblins (D:1)
  4 hobgoblins
  3 kobolds
  2 bats (D:1)
  A frilled lizard (D:1)
  6 rats
25 creatures vanquished.

Notes
Turn   | Place    | Note
-------+----------+-------------------------------------------
     0 | D:1      | D1HalberdGnoll the Draconian Conjurer began the quest for the Orb.
     0 | D:1      | Reached XP level 1. HP: 14/14 MP: 3/3
   428 | D:1      | Reached XP level 2. HP: 22/22 MP: 1/5
  1297 | D:2      | Reached skill level 1 in Fighting
  1297 | D:2      | Reached XP level 3. HP: 28/28 MP: 1/6
  1301 | D:2      | Learned a level 2 spell: Searing Ray
  1401 | D:2      | Killed from afar by an orc wizard

Vault maps used:
D:1:      dpeg_arrival_radiant, hangedman_decor_clover_reticule
D:2:      kennysheep_big_flooded_room, yredelemnul_altar_generic,
          grunt_ministairs_4

Skill      XL: |  1  2 |
---------------+-------+-----
Dodging        | 2 |  2.1
Fighting       | 1 |  1.1
Stealth        | |  1.7
Spellcasting   | |  2.3
Conjurations   | |  4.4

Action                   || total
-------------------------++-------
Melee: Mace              ||    37
       Tailslap          ||     2
 Cast: Magic Dart        ||    41
       Searing Ray       ||     2
  Use: Potion            ||     2
  Eat: Chunk             ||     2
Armor: Skin              ||    11
Dodge: Dodged            ||    45

Table legend:
 A = Spawn XP
 B = Non-spawn XP
 C = Spawn XP percentage of total XP
 D = Spawn monster count
 E = Non-spawn monster count
 F = Spawn count percentage of total count
 G = Total turns spent on level
                    A         B        C        D         E        F      G
               +---------+---------+-------+---------+---------+-------+---------
         Total |       0 |      53 |   0.0 |       0 |      25 |   0.0 |  1401
               +---------+---------+-------+---------+---------+-------+---------
           D:1 |       0 |      27 |   0.0 |       0 |      17 |   0.0 |  1137
           D:2 |       0 |      26 |   0.0 |       0 |       8 |   0.0 |   264
               +---------+---------+-------+---------+---------+-------+---------
